 Dungeon Crawl Stone Soup version 0.27-a0-1181-g5f64966fcc (webtiles) character file.

Game seed: 12427386239184271574

147 robertstho the Magician (level 5, -2/35 HPs)
             Began as a Djinni Fire Elementalist on May 17, 2021.
             Killed by divine providence
             ... invoked by an orc priest
              (16 damage)
             ... on level 3 of the Dungeon.
             The game lasted 00:05:10 (4150 turns).

robertstho the Magician (Djinni Fire Elementalist)  Turns: 4150, Time: 00:05:11

Health: -2/35      AC:  4    Str:  7    XL:     5   Next: 54%
Gold:   84         EV: 12    Int: 18    God:
                   SH:  0    Dex: 13

rFire    + + .     SeeInvis .   c - +0 dagger
rCold    x . .     Faith    .   (no shield)
rNeg     . . .     Spirit   .   a - +0 robe
rPois    ∞         Reflect  .   d - +0 helmet
rElec    .         Harm     .   (no cloak)
rCorr    .         Rampage  .   k - +0 pair of gloves
Will     .....                  (boots unavailable)
Stlth    ++........             (no amulet)
HPRegen  0.11/turn              (no ring)
MPRegen  0.00/turn              (no ring)

@: flying, very slightly contaminated
A: sickness immunity, fire resistance 2, cold vulnerability 1, float, innate
caster, hp casting, extra vitality 1
a: no special abilities


You were on level 3 of the Dungeon.
You visited 1 branch of the dungeon, and saw 3 of its levels.

You collected 84 gold pieces.

Inventory:

Hand Weapons
 c - a +0 dagger (weapon)
Missiles
 b - a throwing net
Armour
 a - a +0 robe (worn)
 d - a +0 helmet (worn)
 k - a +0 pair of gloves (worn)
Scrolls
 e - a scroll of identify
 g - a scroll of teleportation
 j - a scroll of holy word
Potions
 f - 2 potions of heal wounds
 h - a potion of berserk rage {unknown}
 i - a potion of degeneration {unknown}


   Skills:
 + Level 0.2 Fighting
 + Level 2.7 Dodging
 + Level 2.1 Stealth
 + Level 4.1 Spellcasting


You couldn't memorise any spells.
You knew the following spells:

 Your Spells              Type           Power      Damage    Failure   Level
a - Foxfire               Conj/Fire      72%        2x1d7     2%          1
b - Conjure Flame         Conj/Fire      18%        6-21      8%          3
c - Inner Flame           Hex/Fire       18%        N/A       8%          3
d - Sticky Flame          Conj/Fire      18%        2d4       26%         4
e - Fireball              Conj/Fire      9%         3d6       58%         5
f - Magic Dart            Conj           72%        1d6       2%          1
g - Blink                 Tloc           N/A        N/A       4%          2
Your spell library was empty.

Dungeon Overview and Level Annotations

Branches:
Dungeon (3/15)

Altars:

Annotations:
D:2 Terence


Innate Abilities, Weirdness & Mutations

You are immune to sickness and miasma.
You are immune to poison.
Your flesh is very heat resistant. (rF++)
You are vulnerable to cold. (rC-)
You float through the air rather than walking.
You learn spells naturally, not from books.
Your magical power is your life essence.
You have superior vitality. (+4 HP)


Message History

You conjure some foxfire!
The foxfire hits the orc.
You kill the orc!
Unknown command.
Casting: Foxfire (safe; 2% risk of failure)
Press: ? - help, Q - select action, (/) - cycle Dir - look around, f - activate You conjure some foxfire!
Unknown command.
Casting: Foxfire (safe; 2% risk of failure)
Press: ? - help, Q - select action, (/) - cycle Dir - look around, f - activate You conjure some foxfire!
The foxfire hits the orc priest but does no damage. x2
Your foxfire dissipates!
Unknown command.
Casting: Foxfire (safe; 2% risk of failure)
Press: ? - help, Q - select action, (/) - cycle Dir - look around, f - activate You conjure some foxfire!
The foxfire hits the orc priest but does no damage.
Unknown command.
Casting: Foxfire (safe; 2% risk of failure)
Press: ? - help, Q - select action, (/) - cycle Dir - look around, f - activate You conjure some foxfire!
The foxfire hits the orc priest.
The orc priest is lightly wounded.
The foxfire hits the orc priest but does no damage.
The orc priest is lightly wounded.
The foxfire hits the orc priest.
The orc priest is heavily wounded.
The foxfire hits the orc priest but does no damage.
The orc priest is heavily wounded.
Casting: Foxfire (safe; 2% risk of failure)
Press: ? - help, Q - select action, (/) - cycle Dir - look around, f - activate You conjure some foxfire!
The foxfire hits the orc priest.
The orc priest is heavily wounded.
The foxfire hits the orc priest.
The orc priest is almost dead.
The orc priest calls down the wrath of Beogh upon you.
Beogh smites you!
You die...

#.# #.
################.#
#.
#................#
#.
#.################
#. #.# #.. .....
#. #.# #.# .....
#.# ####.##.....
#. #.#
#..v........ ...
#.# #..v@§......
##. #.#
#..§§§.###.. # #.#
#..§§..# #.#
#..§...# #.#
#...o..# #.#
#...)..# [ #.#
#...†..# .
#.######.#####.. .
#...............


You could see an orc priest (ally target).

Vanquished Creatures
  A jelly (D:2)
  2 adders (D:2)
  A shadow imp (D:2)
  3 dart slugs
  5 orcs (D:3)
  4 bats
  9 endoplasms
  A giant cockroach (D:1)
  6 goblins
  5 hobgoblins
  13 jackals
  4 quokkas
  7 ball pythons
  A frilled lizard (D:1)
  2 kobolds (D:1)
  7 rats
71 creatures vanquished.

Vanquished Creatures (others)
  299 foxfires
299 creatures vanquished.

Grand Total: 370 creatures vanquished

Notes
Turn   | Place    | Note
-------+----------+-------------------------------------------
     0 | D:1      | robertstho the Djinni Fire Elementalist began the quest for
                  | the Orb.
     0 | D:1      | Reached XP level 1. HP: 15/15 MP: 0/0
   147 | D:1      | Found a faded altar of an unknown god.
   476 | D:1      | Reached XP level 2. HP: 20/21 MP: 0/0
  1203 | D:1      | Reached skill level 3 in Spellcasting
  1205 | D:1      | Reached XP level 3. HP: 21/25 MP: 0/0
  1205 | D:1      | Learned a level 1 spell: Magic Dart
  2024 | D:1      | Reached XP level 4. HP: 29/31 MP: 0/0
  2998 | D:2      | Reached XP level 5. HP: 16/35 MP: 0/0
  2998 | D:2      | Learned a level 2 spell: Blink
  3202 | D:2      | Reached skill level 4 in Spellcasting
  3358 | D:2      | Noticed Terence
  4150 | D:3      | Killed from afar by an orc priest

Illustrated notes

Levels and vault maps discovered:
D:1:      lightli_arrival_boilingwater, layout_basic,
          hellmonk_ecumenical_altar_run_dry
D:2:      layout_basic, minmay_close_crescents, uniq_terence
D:3:      layout_basic, chei_slow_surprise, corexii_shack

Skill      XL: |  1  2  3  4  5 |
---------------+----------------+-----
Spellcasting   | 3 4 |  4.1
Stealth        | 2 |  2.1
Fighting       | |  0.2
Dodging        | |  2.7

Action                   |  1- 3 |  4- 6 || total
-------------------------+-------+-------++-------
Melee: Dagger            |     7 |       ||     7
 Cast: Foxfire           |    89 |    95 ||   184
  Use: Scroll            |       |     2 ||     2
Armor: Robe              |     8 |     7 ||    15
Dodge: Dodged            |    24 |    13 ||    37

Table legend: (Time is in decaauts)
 A = Elapsed time spent in this place.
 B = Non-inter-level travel time spent in this place.
 C = Inter-level travel time spent in this place.
 D = Time resting spent in this place.
 E = Time spent auto-exploring this place.
 F = Levels seen in this place.
 G = Mean time per level.
                   A        B        C        D        E       F      G
               +--------+--------+--------+--------+--------+-----+--------+
         Total |   4150 |   3946 |    204 |     75 |   3398 |   3 | 1383.3 |
       Dungeon |   4150 |   3946 |    204 |     75 |   3398 |   3 | 1383.3 |
               +--------+--------+--------+--------+--------+-----+--------+

Top non-repeatable levels by time:
     D:1: 2236 daAuts
     D:2: 1372 daAuts
     D:3: 541 daAuts
